 Dungeon Crawl Stone Soup version 0.30-a0-335-ge5acde7520 (webtiles) character file.

Game seed: 6520872634064613940

5687 Nevets123 the Cleaver (level 10, -18/91 HPs)
             Began as a Minotaur Berserker on Oct 30, 2022.
             Was a High Priest of Trog.
             Demolished by a two-headed ogre
             ... wielding a +0 giant spiked club
              (19 damage)
             ... on level 9 of the Dungeon.
             The game lasted 00:35:49 (8201 turns).

Nevets123 the Cleaver (Minotaur Berserker)          Turns: 8201, Time: 00:35:50

Health: -18/91     AC: 18    Str: 23    XL:     10   Next: 47%
Magic:  9/9        EV: 12    Int:  4    God:    Trog [*****.]
Gold:   384        SH:  0    Dex: 11    Spells: 9/9 levels left

rFire   + . .      SeeInvis .    n - +1 war axe
rCold   . . .      Faith    .    (no shield)
rNeg    . . .      Spirit   .    o - +1 plate armour
rPois   +          Reflect  .    (helmet restricted)
rElec   +          Harm     .    k - +2 cloak of Fashionability {rElec rPois}
rCorr   .          Rampage  .    (no gloves)
Will    .....                    (no boots)
Stlth   ..........               (no amulet)
HPRegen 0.35/turn                y - ring of poison resistance
MPRegen 0.11/turn                t - +4 ring of evasion

@: studying Ranged Weapons
A: horns 2, retaliatory headbutt, clumsy 1, fire resistance 1
a: Renounce Religion, Berserk, Trog's Hand, Brothers in Arms


You were on level 9 of the Dungeon.
You worshipped Trog.
Trog was extremely pleased with you.
You visited 1 branch of the dungeon, and saw 9 of its levels.

You collected 403 gold pieces.
You spent 19 gold pieces at shops.

Inventory:

Hand Weapons
 a - a +0 hand axe
 f - a +0 shortbow
 l - a +1 hammer of protection
 n - a +1 war axe (weapon)
 w - a +3 sling of freezing
Missiles
 b - 3 curare-tipped darts
 e - 97 stones (quivered)
 h - 3 silver javelins
Armour
 k - the +2 cloak of Fashionability (worn) {rElec rPois}
   (You acquired it on level 5 of the Dungeon)

   rElec:     It insulates you from electricity.
   rPois:     It protects you from poison.
 o - a +1 plate armour (worn)
Jewellery
 d - a +6 ring of intelligence
 t - a +4 ring of evasion (right hand)
 y - a ring of poison resistance (left hand)
Scrolls
 g - 2 scrolls of amnesia
 i - 6 scrolls of identify
 j - a scroll of poison
 p - a scroll of blinking
 q - a scroll of butterflies
 u - 2 scrolls of teleportation
 v - a scroll of immolation
Potions
 c - 4 potions of might
 m - a potion of cancellation
 r - 2 potions of resistance
 s - a potion of flight
 x - a potion of heal wounds


   Skills:
 * Level 9.3 Fighting
 * Level 12.7 Axes
 * Level 6.6 Ranged Weapons
 * Level 9.7 Armour
 + Level 2.8 Dodging


You had 9 spell levels left.
You didn't know any spells.
Your spell library was empty.

Dungeon Overview and Level Annotations

Branches:
Dungeon (9/15)             Temple (0/1) D:4
   Lair: D:8-11         Orc: D:9-12

Altars:
Nemelex Xobeh
Trog

Shops:
D:8 *:


Innate Abilities, Weirdness & Mutations

You have a pair of horns on your head.
You reflexively headbutt those who attack you in melee.
You are clumsy. (Dex -2)
Your flesh is heat resistant. (rF+)


Message History

Trog accepts your kill.
You start resting.
You feel a strong urge to attack something.
You start resting.
You feel your anger nearly subside.
You are no longer berserk.
You are exhausted.
You feel yourself slow down.
You start resting.
You feel yourself speed up.
You start resting.
You recover from your berserk rage.
You start resting.
HP restored.
You climb downwards.
The killer bee buzzes angrily.
You hear a shout!
The centaur shoots an arrow.
The arrow closely misses you.
The centaur warrior wields a +0 shortbow.
The centaur warrior shoots an arrow.
The arrow hits you! The two-headed ogre misses you.
The two-headed ogre hits you with a +0 giant spiked club!!
The centaur shoots an arrow.
The arrow hits you.
The centaur warrior shoots an arrow.
The arrow hits you!
The centaur shoots an arrow.
The arrow hits you.
There is a stone staircase leading up, spattered with blood here.
You slash the two-headed ogre!
Your headbutt misses the two-headed ogre.
The two-headed ogre is lightly wounded.
The centaur warrior shoots an arrow.
The arrow barely misses you.
The two-headed ogre hits you with a +0 giant spiked club!!
* * * LOW HITPOINT WARNING * * *
The two-headed ogre hits you with a +0 giant spiked club!
* * * LOW HITPOINT WARNING * * *
The centaur shoots an arrow.
The arrow hits you.
* * * LOW HITPOINT WARNING * * *
You hear a shout!
You hear an angry buzzing noise.
The killer bee misses you. The killer bee closely misses you.
The killer bee stings you but does no damage.
The two-headed ogre hits you with a +0 giant spiked club!!
You die...

.......
....(..
.......
.......
.......
.......
.c.)...
.......
.......
.......
.......
......#
.......#.c...#
......y@(....#
.....#yO.....#
... ##...$..#
. g......#
.......#
..........
.........#
.....<....#


You could see a centaur warrior, a two-headed ogre, a centaur, a boggart and 2
killer bees.

Vanquished Creatures
  3 two-headed ogres
  A troll (D:6)
  Grinder (D:6)
  Sigmund (D:3)
  A shadow (D:7)
  A wyvern (D:7)
  A wraith (D:9)
  2 water moccasins
  An ice beast (D:7)
  2 orc warriors
  Pargi (D:3)
  A black bear (D:5)
  4 ogres
  4 centaurs
  3 phantoms
  2 kobold brigands
  2 bullfrogs (D:7)
  3 necrophages
  2 scorpions
  3 wights (D:8)
  4 killer bees (D:7)
  A howler monkey (D:7)
  2 hounds
  3 orc priests
  3 jellies
  Crazy Yiuf (D:2)
  An iguana (D:7)
  3 orc wizards
  Robin (D:2)
  3 gnolls (D:4)
  8 adders
  3 shadow imps
  2 white imps
  An ufetubus (D:4)
  A worm (D:2)
  5 dart slugs
  26 orcs
  9 ball pythons
  6 bats
  10 endoplasms
  6 giant cockroaches
  16 goblins
  15 hobgoblins
  17 kobolds
  6 quokkas
  3 frilled lizards
  9 rats
204 creatures vanquished.

Vanquished Creatures (others)
  5 fungi (D:3)
  10 plants (D:3)
15 creatures vanquished.

Grand Total: 219 creatures vanquished

Notes
Turn   | Place    | Note
-------+----------+-------------------------------------------
     0 | D:1      | Nevets123 the Minotaur Berserker began the quest for the
                  | Orb.
     0 | D:1      | Reached XP level 1. HP: 19/19 MP: 0/0
    29 | D:2      | Noticed Robin
    31 | D:2      | Reached skill level 4 in Axes
    31 | D:2      | Reached XP level 2. HP: 27/27 MP: 1/1
    59 | D:2      | Killed Robin
    60 | D:2      | Reached XP level 3. HP: 21/34 MP: 2/2
   222 | D:2      | Reached ** piety under Trog
   492 | D:1      | Reached XP level 4. HP: 38/41 MP: 3/3
   796 | D:1      | Gained mutation: Your body sometimes deteriorates upon
                  | taking damage. [potion of mutation]
  1261 | D:2      | Reached skill level 5 in Axes
  1280 | D:2      | Found a runed translucent door.
  1281 | D:2      | Noticed Crazy Yiuf
  1287 | D:2      | Killed Crazy Yiuf
  1288 | D:2      | Reached skill level 5 in Fighting
  1442 | D:2      | Reached XP level 5. HP: 48/48 MP: 4/4
  1660 | D:2      | Reached *** piety under Trog
  1992 | D:3      | Noticed Sigmund
  2161 | D:3      | Noticed Pargi
  2184 | D:3      | Found a faded altar of an unknown god.
  2194 | D:3      | Killed Pargi
  2195 | D:3      | Reached skill level 1 in Ranged Weapons
  2203 | D:3      | Found a bloodstained altar of Trog.
  2273 | D:4      | Found a staircase to the Ecumenical Temple.
  2278 | D:4      | Reached skill level 6 in Axes
  2278 | D:4      | Reached XP level 6. HP: 56/56 MP: 5/5
  2365 | D:3      | Found a faded altar of an unknown god.
  2701 | D:3      | Killed Sigmund
  2786 | D:4      | Reached skill level 7 in Axes
  2786 | D:4      | Reached XP level 7. HP: 45/61 MP: 6/6
  2787 | D:5      | Entered Level 5 of the Dungeon
  2821 | D:4      | HP: 3/61 [something (3)]
  3520 | D:4      | Found a sparkling altar of Nemelex Xobeh.
  3654 | D:5      | Reached **** piety under Trog
  3656 | D:5      | Noticed a two-headed ogre
  3691 | D:4      | Reached skill level 8 in Axes
  3691 | D:4      | Reached skill level 5 in Armour
  4360 | D:5      | Reached XP level 8. HP: 16/70 MP: 7/7
  4361 | D:5      | Killed a two-headed ogre
  4362 | D:5      | Reached skill level 9 in Axes
  4781 | D:5      | Reached skill level 10 in Axes
  4840 | D:5      | Reached XP level 9. HP: 68/79 MP: 8/8
  4970 | D:5      | Identified a scroll of acquirement
  4971 | D:5      | Acquired the +2 cloak of Fashionability {rElec rPois}
  5602 | D:6      | Noticed a troll
  5611 | D:6      | Killed a troll
  5929 | D:6      | Noticed Grinder
  5940 | D:6      | Killed Grinder
  5941 | D:6      | Reached skill level 11 in Axes
  5941 | D:6      | Reached skill level 5 in Ranged Weapons
  6120 | D:6      | Lost mutation: Your body sometimes deteriorates upon taking
                  | damage. [potion of mutation]
  6120 | D:6      | Gained mutation: You are clumsy. (Dex -2) [potion of
                  | mutation]
  6120 | D:6      | Gained mutation: Your flesh is heat resistant. (rF+)
                  | [potion of mutation]
  6974 | D:7      | Reached XP level 10. HP: 71/90 MP: 9/9
  7294 | D:8      | Noticed a two-headed ogre
  7302 | D:8      | Killed a two-headed ogre
  7303 | D:8      | Reached skill level 12 in Axes
  7322 | D:8      | Reached ***** piety under Trog
  7337 | D:9      | Noticed a two-headed ogre
  7722 | D:8      | Found Leyg Zer's Assorted Antiques.
  7727 | D:8      | Bought a scroll labelled IGGUBO ZECOPA for 19 gold pieces
  7740 | D:8      | Found Zyimow's Book Boutique.
  7989 | D:9      | Noticed a two-headed ogre
  7991 | D:9      | Noticed a centaur warrior
  7997 | D:8      | Killed a two-headed ogre
  8200 | D:9      | HP: 2/91 [two-headed ogre/+0 giant spiked club (8)]
  8201 | D:9      | Demolished by a two-headed ogre

Illustrated notes

Levels and vault maps discovered:
D:1:      scummos_arrival_simple_fountains, layout_loops_ring
D:2:      layout_loops_ring, st_stairs_1, uniq_robin, uniq_crazy_yiuf_cottage
D:3:      layout_loops_ring, nicolae_overflow_ecumenical_swirl,
          shapermc_ecumenical_altar_mp_ritualfount, kennysheep_minor_cross,
          uniq_pargi, uniq_sigmund
D:4:      nicolae_cairo_tiling_large_dashed, layout_loops_corners,
          mainiacjoe_overflow_boulevard, minmay_temple_entry_statues_pillars,
          corexii_checkpoint_a
D:5:      layout_loops_ring, minmay_manual_mail
D:6:      minmay_angry_zag, layout_basic, uniq_grinder
D:7:      layout_loops_ring
D:8:      layout_basic, serial_shops, nicolae_shop_waterfront,
          nicolae_shop_overgrown_old_shop, minivault_27
D:9:      layout_cave_pools, minivault_1, minivault_28, uniq_erolcha

Skill      XL: |  1  2  3  4  5  6  7  8  9 10 |
---------------+-------------------------------+-----
Fighting       | 4 5 6 7 8 9 |  9.3
Axes           | 4 5 6 7 8 10 11 12 | 12.7
Armour         | 3 4 5 6 8 9 |  9.7
Ranged Weapons | 1 2 3 4 5 6 |  6.6
Dodging        | |  2.8

Action                   |  1- 3 |  4- 6 |  7- 9 | 10-12 || total
-------------------------+-------+-------+-------+-------++-------
Melee: Hand axe          |    54 |   102 |       |       ||   156
       Headbutt          |    12 |    22 |    60 |    13 ||   107
       War axe           |       |    41 |   287 |    60 ||   388
       Punch             |       |     2 |     3 |     1 ||     6
 Fire: Shortbow          |       |       |     1 |       ||     1
Invok: Berserk           |       |     2 |     2 |     1 ||     5
       Trog's Hand       |       |       |     1 |       ||     1
  Use: Scroll            |     4 |     2 |     7 |     3 ||    16
       Potion            |     2 |     4 |     6 |       ||    12
Armor: Animal skin       |     8 |       |       |       ||     8
       Chain mail        |     3 |    48 |       |       ||    51
       Scale mail        |     1 |       |       |       ||     1
       Plate armour      |       |    34 |   160 |    41 ||   235
Dodge: Dodged            |    19 |    51 |   105 |    69 ||   244

Table legend: (Time is in decaauts)
 A = Elapsed time spent in this place.
 B = Non-inter-level travel time spent in this place.
 C = Inter-level travel time spent in this place.
 D = Time resting spent in this place.
 E = Time spent auto-exploring this place.
 F = Levels seen in this place.
 G = Mean time per level.
                   A        B        C        D        E       F      G
               +--------+--------+--------+--------+--------+-----+--------+
         Total |   8266 |   7908 |    358 |    958 |   4635 |   9 |  918.4 |
       Dungeon |   8266 |   7908 |    358 |    958 |   4635 |   9 |  918.4 |
               +--------+--------+--------+--------+--------+-----+--------+

Top non-repeatable levels by time:
     D:4: 1545 daAuts
     D:5: 1106 daAuts
     D:1: 1092 daAuts
     D:6: 1075 daAuts
     D:8: 899 daAuts
     D:2: 881 daAuts
     D:3: 855 daAuts
     D:7: 772 daAuts
     D:9: 37 daAuts
